 Dungeon Crawl Stone Soup version 0.17-a0-1830-g81820eb (webtiles) character file.

504 luca467 the Skirmisher (level 7, -19/50 HPs)
             Began as an Octopode Fighter on Sept 13, 2015.
             Demolished by an ogre
             ... wielding a +0 giant club
              (31 damage)
             ... on level 3 of the Dungeon.
             The game lasted 00:14:14 (2682 turns).

luca467 the Skirmisher (Octopode Fighter)           Turns: 2682, Time: 00:14:14

Health: -19/50     AC:  1    Str: 15    XL:     7   Next: 17%
Magic:  7/7        EV: 10    Int: 11    God:
Gold:   166        SH:  8    Dex: 13    Spells: 0 memorised, 6 levels left

rFire  . . .     SeeInvis .     a - +0 rapier
rCold  . . .     Clarity  .     b - +0 shield
rNeg   . . .     SustAt   .     (helmet restricted)
rPois  .         Gourm    .     (no amulet)
rElec  .         Spirit   .     (no ring)
rCorr  .         Warding  .     (no ring)
rMut   .         Stasis   .     (no ring)
MR     .....                    (no ring)
Stlth  +++++.....               (no ring)
                                (no ring)
                                (no ring)
                                (no ring)

@: not resistant to hostile enchantments, quite stealthy
A: almost no armour, amphibious, 8 rings, constrict 8, camouflage 1, gelatinous
body 1
a: no special abilities


You were on level 3 of the Dungeon.
You were hungry.

You visited 1 branch of the dungeon, and saw 3 of its levels.
You also visited: Sewer.

You collected 166 gold pieces.

Inventory:

Hand weapons
 a - a +0 rapier (weapon)
Armour
 b - a +0 shield (worn)
Scrolls
 e - 2 scrolls of blinking {unknown}
 i - a scroll of fear {unknown}
 j - 2 scrolls of magic mapping {unknown}
 k - a scroll of remove curse {unknown}
 m - 2 scrolls of identify {unknown}
 n - a scroll of enchant armour {unknown}
Potions
 c - 2 potions of might
 g - a potion of resistance {unknown}
 l - a potion of agility {unknown}
Comestibles
 d - 3 bread rations
 f - 2 slices of pizza
 o - a beef jerky


   Skills:
 * Level 5.6 Fighting
 * Level 5.0 Short Blades
 - Level 3.0 Dodging
 - Level 4.0 Stealth
 - Level 3.0 Shields


You had 6 spell levels left.
You didn't know any spells.

Dungeon Overview and Level Annotations

Branches:
Dungeon (3/15)

Altars:
Ashenzari


Innate Abilities, Weirdness & Mutations

You cannot wear most types of armour.
You are amphibious.
You can wear up to eight rings at the same time.
You can use your tentacles to constrict eight enemies at once.
Your skin changes colour to match your surroundings (Stealth).
Your rubbery body absorbs attacks (AC +1).


Message History

Items here: )) †† a club x2 a kobold corpse x2
You block the hobgoblin's attack.
You closely miss the hobgoblin. Your grab misses the hobgoblin.
Your squeeze misses the hobgoblin.
The hobgoblin splashes around in the water.
You closely miss the hobgoblin. Your grab misses the hobgoblin.
You squeeze the hobgoblin.
You kill the hobgoblin!
You feel better. You block the ogre's attack.
You hit the ogre.
The ogre is lightly wounded.
The ogre hits you with a giant club!
* * * LOW HITPOINT WARNING * * *
The orc warrior shouts!
The ogre hits you with a giant club!!
Ouch! That really hurt!
You die...

#.......#########....#
#..............#.)....
+..............'......
#..............#......
#.......#########....#
##......')).....#....#
##.....#.......#....#
###########################''##
#≈≈≈≈≈≈≈≈≈≈≈≈≈@≈≈≈≈≈≈≈≈≈≈.....≈
≈≈≈≈≈≈≈≈≈≈≈≈≈O≈≈≈≈≈≈≈≈≈)≈≈(.(..
≈≈≈≈≈≈≈≈≈≈≈≈≈≈≈≈≈≈)≈≈†≈≈≈≈.....
≈o≈.≈≈oo≈≈..≈≈≈≈.≈≈≈≈≈..≈.....≈
.......o.......................
..............[)...............
#######...###.##########.....##
#...###.######.....###.#
...#.........######.##


You could see an orc warrior, an ogre and an orc (wandering).

Vanquished Creatures
  A big kobold (D:3)
  2 giant frogs (Sewer)
  An orc priest (D:3)
  9 adders
  17 oozes
  8 giant geckos (Sewer)
  5 orcs (D:3)
  5 goblins
  13 hobgoblins
  6 ball pythons (Sewer)
  12 bats
  17 giant cockroaches
  14 giant newts
  12 kobolds
  3 rats
125 creatures vanquished.

Notes
Turn   | Place    | Note
--------------------------------------------------------------
     0 | D:1      | luca467 the Octopode Fighter began the quest for the Orb.
     0 | D:1      | Reached XP level 1. HP: 16/16 MP: 1/1
   221 | D:1      | Reached XP level 2. HP: 21/21 MP: 2/2
   230 | D:1      | Reached skill level 1 in Stealth
   602 | D:1      | Reached XP level 3. HP: 26/26 MP: 3/3
  1035 | D:2      | Found a shattered altar of Ashenzari.
  1083 | D:2      | Reached XP level 4. HP: 31/33 MP: 4/4
  1355 | D:3      | Found a glowing drain.
  1365 | Sewer    | Entered a sewer
  1372 | Sewer    | Reached skill level 4 in Fighting
  1568 | Sewer    | Reached XP level 5. HP: 37/37 MP: 5/5
  2013 | Sewer    | Reached XP level 6. HP: 44/44 MP: 6/6
  2016 | Sewer    | Noticed a giant frog
  2016 | Sewer    | Noticed a giant frog
  2026 | Sewer    | Killed a giant frog
  2028 | Sewer    | Killed a giant frog
  2028 | Sewer    | Reached skill level 5 in Fighting
  2461 | D:3      | Noticed a big kobold
  2529 | D:3      | Killed a big kobold
  2529 | D:3      | Reached XP level 7. HP: 41/50 MP: 7/7
  2595 | D:3      | Reached skill level 5 in Short Blades
  2598 | D:3      | Noticed an ogre
  2674 | D:3      | Noticed an orc warrior
  2682 | D:3      | Demolished by an ogre

Vault maps used:
D:1:      dpeg_cavernosity, minmay_tree_intersection, hangedman_decor_points,
          minmay_misc_feat_alley, minmay_misc_feat_chi
D:2:      lemuel_round_altar, first_bread
D:3:      minmay_goblin_kobold_castle, old_standard_altar, portal_sewer_entry_d,
          minmay_fountain_box
Sewer:    sewer_frog_island_02

Action                   |  1- 3 |  4- 6 |  7- 9 || total
-------------------------+-------+-------+-------++-------
Melee: Rapier            |    50 |   158 |    21 ||   229
  Use: Scroll            |     2 |       |       ||     2
       Potion            |       |     2 |     1 ||     3
 Stab: Sleeping          |    15 |    26 |     1 ||    42
  Eat: Chunk             |       |     5 |       ||     5
